 Dungeon Crawl Stone Soup version 0.30-a0-422-g946f4849ff (webtiles) character file.

Game seed: 13539374838419659409

6355 AigisTheKnight the Geomancer (level 10, -3/63 HPs)
             Began as a Gargoyle Earth Elementalist on Dec 9, 2022.
             Was a Believer of the Shining One.
             Slain by a boulder beetle (35 damage)
             ... on level 10 of the Dungeon.
             The game lasted 00:29:40 (9761 turns).

AigisTheKnight the Geomancer (GrEE)                 Turns: 9761, Time: 00:29:41

Health: -3/63      AC: 23    Str: 14    XL:     10   Next: 96%
Magic:  10/14      EV: 16    Int: 18    God:    the Shining One [**....]
Gold:   388        SH:  0    Dex: 16    Spells: 10/14 levels left

rFire   . . .      SeeInvis .    A - +1 flail (vorpal)
rCold   . . .      Faith    .    (no shield)
rNeg    + + +      Spirit   .    r - +2 ring mail {rN+}
rPois   ∞          Reflect  .    y - +0 helmet
rElec   +          Harm     .    P - +2 cloak {Will+}
rCorr   .          Rampage  .    e - +0 pair of gloves
Will    +....                    L - +0 pair of boots
Stlth   +.........               (no amulet)
HPRegen 0.30/turn                D - +6 ring of dexterity
MPRegen 0.14/turn                C - +4 ring of evasion

@: hasted, glowing, very quick
A: sickness immunity, AC +7, negative energy resistance 1, electricity
resistance, torment resistance 1, petrification resistance
a: Renounce Religion, Divine Shield


You were on level 10 of the Dungeon.
You worshipped the Shining One.
The Shining One was pleased with you.
You visited 2 branches of the dungeon, and saw 11 of its levels.

You collected 619 gold pieces.
You spent 231 gold pieces at shops.

Inventory:

Hand Weapons
 A - a +1 vorpal flail (weapon)
Missiles
 k - 10 atropa-tipped darts (quivered)
Armour
 a - a +0 robe
 e - a +0 pair of gloves (worn)
 j - a +0 kite shield
 r - a +2 ring mail of positive energy (worn)
 y - a +0 helmet (worn)
 L - a +0 pair of boots (worn)
 P - a +2 cloak of willpower (worn)
Jewellery
 w - a ring of resist corrosion
 C - a +4 ring of evasion (right hand)
 D - a +6 ring of dexterity (left hand)
 F - a ring of positive energy
 Q - an amulet of faith
Wands
 v - a wand of charming (15)
 H - a wand of flame (3)
Scrolls
 c - 4 scrolls of noise {unknown}
 d - a scroll of vulnerability {unknown}
 f - 2 scrolls of fear {unknown}
 h - 2 scrolls of enchant armour {unknown}
 i - 2 scrolls of torment {unknown}
 n - 4 scrolls of identify
 o - a scroll of brand weapon {unknown}
 p - 3 scrolls of teleportation {unknown}
 t - 3 scrolls of magic mapping {unknown}
 x - a scroll of summoning {unknown}
 E - a scroll of fog {unknown}
 G - a scroll of acquirement {unknown}
 I - a scroll of enchant weapon {unknown}
 K - a scroll of amnesia {unknown}
 N - a scroll of blinking
 O - a scroll of immolation {unknown}
Potions
 b - 2 potions of magic
 g - 9 potions of curing
 l - 3 potions of lignification
 q - a potion of resistance {unknown}
 s - a potion of mutation {unknown}
 u - 3 potions of attraction
 z - 3 potions of flight
 B - 2 potions of heal wounds
 J - 3 potions of haste
 M - a potion of might {unknown}
Miscellaneous
 m - a condenser vane (inert)


   Skills:
 + Level 7.0 Fighting
 + Level 6.1 Maces & Flails
 + Level 7.1 Armour
 - Level 3.2 Dodging
 - Level 3.2 Stealth
 + Level 3.5 Shields
 - Level 2.7 Spellcasting
 + Level 6.8 Conjurations
 - Level 0.9 Transmutations
 + Level 4.1 Ice Magic
 + Level 8.8 Earth Magic


You had 10 spell levels left.
You knew the following spells:

 Your Spells              Type           Power      Damage    Failure   Level
a - Sandblast             Erth           68%        2d15      1%          1
b - Stone Arrow           Conj/Erth      60%        3d10      3%          3

Your spell library contained the following spells:

 Spells                   Type           Power      Damage    Failure   Level
 Passwall                 Tmut/Erth      16%        N/A       6%          2
 Momentum Strike          Conj/Tloc      28%        3d8       12%         2
 Dazzling Flash           Conj/Hex       28%        N/A       22%         3
 Petrify                  Tmut/Erth      20%        N/A       38%         4
 Blink                    Tloc           4%         N/A       43%         2
 Ignite Poison            Fire/Tmut/Pois 3%         N/A       63%         3
 Kindle Blastsparks       Fire/Tloc/Air  4%         2d10      67%         3
 Lesser Beckoning         Tloc           4%         N/A       67%         3
 Vhi's Electric Charge    Tloc/Air       4%         N/A       67%         3
 Freezing Cloud           Conj/Ice/Air   7%         6-21      88%         5
 Arcjolt                  Conj/Air       7%         1d17      91%         5
 Dispel Undead            Necr           2%         3d7       97%         4
 Agony                    Necr           2%         N/A       100%        5
 Silence                  Hex/Air        1%         N/A       100%        5
 Death Channel            Necr           1%         N/A       100%        6
 Simulacrum               Ice/Necr       4%         N/A       100%        6
 Maxwell's Capacitive Co  Air            1%         ∞         100%        8
 Polar Vortex             Ice            8%         N/A       100%        9
 Cigotuvi's Dreadful Rot  Necr/Pois/Air  Unusable   N/A       N/A         2

Dungeon Overview and Level Annotations

Branches:
Dungeon (10/15)            Temple (1/1) D:5             Orc (0/2) D:9
   Lair: D:8-11

Altars:
Ashenzari
Cheibriados
Dithmenos
Elyvilon
Fedhas
Gozag
Hepliaklqana
Kikubaaqudgha
Makhleb
Nemelex Xobeh
Qazlal
Sif Muna
Trog
Uskayaw
Vehumet
Wu Jian
Xom
Yredelemnul
Zin
The Shining One

Shops:
D:5 (   D:7 !

Annotations:
D:8 2 transporters, indyram44's ghost, novice DsFi
Temple 2 transporters


Innate Abilities, Weirdness & Mutations

You are immune to sickness and miasma.
Your stone body is resilient. (AC +7)
You are immune to poison.
You resist negative energy. (rN+)
You are resistant to electric shocks. (rElec)
You are resistant to unholy torment.
You are immune to petrification.


Message History

The boulder beetle is severely wounded.
The boulder beetle misses you.
You hit the boulder beetle but do no damage.
The boulder beetle is severely wounded.
The boulder beetle leaps!
Things that are here:
2 large rocks; a cyclops corpse You hear the steady creaking of a portcullis nearby.
There is an open door here.
You close the door.
You open the door.
A green ugly thing, a purple ugly thing and a boulder beetle come into view.
The green ugly thing gurgles horribly!
The purple ugly thing gurgles horribly!
You close the door.
A purple ugly thing breaks down the door.
The boulder beetle curls into a ball and begins rolling!
Aiming: Charm
Press: ? - help, Q - select action, (/) - cycle Shift-Dir - straight line, f - purple ugly thing
Aim: a purple ugly thing (haloed, chance to affect: 31%)
Okay, then.
Throw: 10 darts (atropa)
Press: ? - help, Q - select action, (/) - cycle Shift-Dir - straight line, f - boulder beetle
Aim: a boulder beetle (rolling, haloed, 97% to hit, chance to blind on hit: 3%)
Okay, then.
Unknown command.
You feel yourself speed up.
The green ugly thing basks in the mutagenic energy from its kin and changes!
Unknown command.
The boulder beetle closely misses you.
The boulder beetle stops rolling and uncurls.
The boulder beetle curls into a ball and begins rolling!
You open the door.
You hit the boulder beetle but do no damage.
The boulder beetle is heavily wounded.
The boulder beetle closely misses you.
You hit the boulder beetle but do no damage.
The boulder beetle is heavily wounded.
The boulder beetle hits you!!
Ouch! That really hurt!
You die...

#.####### ##........ ##
###...P.P### #.##
##..).PP....# +..##
#...P.P..h... #..°
##P...P...P...
##'#########P.P.Ph..P.PPP
#....°°°..##.P...##+#P...
###....uB@B...P..# P..P
####..u.#..P...#


.PP ######...P.P####. #.#...P...P.PPP #...##B.PP..PP. #.#.##..PPP.P.P
#.#(###....P... # #.)(......... ######.....## You could see 2 boulder beetles
and 2 ugly things.

Vanquished Creatures
  A centaur warrior (D:10)
  2 cyclopes (D:10)
  Maurice (D:9)
  A komodo dragon (D:10)
  Prince Ribbit (D:5)
  A hornet (D:7)
  Grinder (D:6)
  A wraith (D:9)
  2 wargs (D:9)
  2 water moccasins
  3 orc warriors (D:9)
  2 ice beasts
  A black bear (D:7)
  An ogre (D:7)
  3 kobold brigands
  8 bullfrogs
  4 necrophages
  A gnoll sergeant (D:6)
  2 scorpions
  4 wights (D:9)
  6 killer bees (D:10)
  3 electric eels (D:9)
  A howler monkey (D:9)
  2 jellies (D:7)
  4 hounds
  5 orc priests
  2 iguanas (D:4)
  7 orc wizards
  Robin (D:3)
  4 gnolls (D:6)
  7 adders
  2 shadow imps
  4 white imps
  An ufetubus (D:4)
  A worm (D:3)
  3 dart slugs
  43 orcs
  7 ball pythons
  5 endoplasms
  A giant cockroach (D:2)
  14 goblins
  7 hobgoblins
  2 jackals (D:1)
  2 quokkas
  4 bats
  5 frilled lizards
  18 kobolds
  A kobold skeleton (D:6)
  5 rats
209 creatures vanquished.

Vanquished Creatures (others)
  A scorpion (D:6)
  An orc priest (D:9)
  5 fungi
  6 plants
13 creatures vanquished.

Grand Total: 222 creatures vanquished

Notes
Turn   | Place    | Note
-------+----------+-------------------------------------------
     0 | D:1      | AigisTheKnight the Gargoyle Earth Elementalist began the
                  | quest for the Orb.
     0 | D:1      | Reached XP level 1. HP: 10/10 MP: 3/3
   381 | D:1      | Reached XP level 2. HP: 11/15 MP: 1/5
  1284 | D:2      | Reached skill level 1 in Fighting
  1284 | D:2      | Reached skill level 1 in Armour
  1284 | D:2      | Reached skill level 4 in Earth Magic
  1284 | D:2      | Reached XP level 3. HP: 20/20 MP: 3/6
  1876 | D:3      | Reached XP level 4. HP: 19/25 MP: 2/7
  2547 | D:3      | Noticed Robin
  2581 | D:4      | Reached XP level 5. HP: 26/30 MP: 1/9
  2681 | D:4      | Reached skill level 1 in Conjurations
  3369 | D:3      | Killed Robin
  3505 | D:5      | Entered Level 5 of the Dungeon
  3765 | D:5      | Reached XP level 6. HP: 36/36 MP: 7/10
  3785 | D:5      | Learned a level 3 spell: Stone Arrow
  3803 | D:5      | Found Ytzourgh's Weapon Boutique.
  3820 | D:5      | Reached skill level 1 in Maces & Flails
  3824 | D:5      | Noticed an ice beast
  3954 | D:4      | Reached skill level 5 in Earth Magic
  4404 | D:4      | Found a stormy altar of Qazlal.
  4406 | D:4      | Noticed a water elemental
  4407 | D:4      | Noticed an air elemental
  4407 | D:4      | Noticed a fire elemental
  4485 | D:4      | Found a bloodstained altar of Trog.
  4535 | D:4      | Reached XP level 7. HP: 37/41 MP: 5/11
  4682 | D:5      | Found a staircase to the Ecumenical Temple.
  4705 | Temple   | Entered the Ecumenical Temple
  4705 | Temple   | Found a transporter.
  4705 | Temple   | Found a transporter.
  4707 | Temple   | Found a transporter.
  4707 | Temple   | Found a transporter.
  4719 | Temple   | Became a worshipper of the Shining One
  4933 | D:5      | Noticed Prince Ribbit
  4952 | D:5      | Killed Prince Ribbit
  5465 | D:6      | Reached XP level 8. HP: 48/48 MP: 6/12
  5584 | D:6      | Reached skill level 6 in Earth Magic
  5597 | D:6      | Found a runed translucent door.
  5604 | D:6      | Found a basalt altar of Yredelemnul.
  5982 | D:6      | Noticed Grinder
  6000 | D:6      | Paralysed by Grinder for 5 turns
  6006 | D:6      | Killed Grinder
  6006 | D:6      | Reached * piety under the Shining One
  6087 | D:6      | Found a broken altar of Ashenzari.
  6450 | D:7      | Noticed a hornet
  6459 | D:7      | Killed a hornet
  6460 | D:7      | Reached skill level 5 in Fighting
  6460 | D:7      | Reached skill level 5 in Armour
  6460 | D:7      | Reached XP level 9. HP: 23/54 MP: 4/13
  6598 | D:7      | Reached skill level 7 in Earth Magic
  7248 | D:7      | Found Ziantoi's Distillery.
  7305 | D:7      | Bought a potion of curing for 33 gold pieces
  7305 | D:7      | Bought a potion of haste for 110 gold pieces
  7305 | D:7      | Bought a potion of magic for 88 gold pieces
  7430 | D:8      | Found a transporter.
  7434 | D:8      | Found a transporter.
  7434 | D:8      | Noticed an orc knight
  7434 | D:8      | Noticed indyram44's ghost (novice DsFi)
  7451 | D:8      | Reached skill level 5 in Conjurations
  7451 | D:8      | Reached skill level 1 in Ice Magic
  7717 | D:8      | Found a white marble altar of Elyvilon.
  8025 | D:8      | Found a glowing silver altar of Zin.
  8212 | D:9      | Noticed a +0 falchion
  8213 | D:9      | Noticed a +0 dagger
  8227 | D:9      | Noticed a +0 spear
  8227 | D:9      | Noticed a +0 short sword
  8227 | D:9      | Noticed a +0 dagger
  8228 | D:9      | Noticed a +0 short sword
  8228 | D:9      | Noticed a +0 spear
  8229 | D:9      | Noticed a +0 falchion
  8356 | D:9      | Found a hide-covered altar of Uskayaw.
  8438 | D:9      | Reached skill level 5 in Maces & Flails
  8512 | D:9      | Reached ** piety under the Shining One
  8530 | D:9      | Reached XP level 10. HP: 60/60 MP: 7/14
  8641 | D:9      | Reached skill level 1 in Shields
  8815 | D:9      | Reached skill level 8 in Earth Magic
  8834 | D:9      | Found a staircase to the Orcish Mines.
  9249 | D:9      | Noticed Maurice
  9291 | D:9      | Killed Maurice
  9495 | D:10     | Entered Level 10 of the Dungeon
  9691 | D:10     | Noticed a cyclops
  9691 | D:10     | Noticed a centaur warrior
  9691 | D:10     | Noticed a boulder beetle
  9692 | D:10     | Noticed a cyclops
  9707 | D:10     | Killed a centaur warrior
  9726 | D:10     | Killed a cyclops
  9728 | D:10     | Killed a cyclops
  9749 | D:10     | Noticed a green ugly thing
  9749 | D:10     | Noticed a purple ugly thing
  9749 | D:10     | Noticed a boulder beetle
  9761 | D:10     | Slain by a boulder beetle

Illustrated notes

Levels and vault maps discovered:
D:1:      evilmike_arrival_rings, layout_basic
D:2:      layout_basic, kennysheep_generic_room_3
D:3:      layout_basic, uniq_robin
D:4:      layout_basic, mainiacjoe_overflow_concentric_impassable,
          nicolae_qazlal_style_of_elements, serial_forest,
          infiniplex_forest_zigzag_2, infiniplex_forest_join,
          infiniplex_forest_clump_tiny, infiniplex_forest_end_1,
          dreamdust_mushroom_princess
D:5:      layout_rooms, minmay_temple_entry_mist, serial_shops,
          nicolae_shop_behind_doors, uniq_prince_ribbit1
D:6:      layout_basic, mainiacjoe_overflow_alcove_2, dk_yredelemnul_ordeal,
          minmay_fountain_box, chequers_avenue, dk_rats_in_the_wall,
          uniq_grinder
D:7:      layout_loops_ring, dk_vineyard_3, kennysheep_small_spiral,
          kennysheep_diamond
D:8:      layout_rooms, zin_treasury, elyvilon_altar_1, gammafunk_ghost_arena
D:9:      layout_basic, nicolae_uskayaw_en_pointe, david_orc_1_choice,
          uniq_maurice
D:10:     minmay_sliced_demisemicircle, layout_small_grid,
          grunt_lair_entry_orc_guard_hut, enter_bailey_4,
          kennysheep_generic_room_6
Temple:   hellmonk_temple_divided_pantheon

Skill      XL: |  1  2  3  4  5  6  7  8  9 10 |
---------------+-------------------------------+-----
Fighting       | 1 2 3 5 6 7 |  7.0
Armour         | 1 2 3 4 5 6 7 |  7.1
Earth Magic    | 4 5 6 7 8 |  8.8
Conjurations   | 1 2 3 4 5 6 |  6.8
Maces & Flails | 1 2 3 5 6 |  6.1
Stealth        | 3 |  3.2
Dodging        | 3 |  3.2
Ice Magic      | 2 4 |  4.1
Shields        | 3 |  3.5
Spellcasting   | |  2.7
Transmutations | |  0.9

Action                   |  1- 3 |  4- 6 |  7- 9 | 10-12 || total
-------------------------+-------+-------+-------+-------++-------
Melee: Unarmed           |    18 |       |       |       ||    18
       Dagger            |     8 |    24 |       |       ||    32
       Flail             |       |    25 |    52 |    89 ||   166
       Punch             |       |       |       |     2 ||     2
Throw: Dart              |       |     5 |     2 |       ||     7
 Cast: Sandblast         |    42 |   126 |   141 |    27 ||   336
       Stone Arrow       |       |       |    12 |    22 ||    34
Evoke: Wand              |       |       |     3 |     4 ||     7
       Condenser vane    |       |       |       |     1 ||     1
  Use: Scroll            |       |       |     4 |     1 ||     5
       Potion            |       |       |       |     2 ||     2
Armor: Robe              |     8 |       |       |       ||     8
       Ring mail         |    10 |    83 |    60 |    50 ||   203
Dodge: Dodged            |    34 |   101 |    98 |   116 ||   349

Table legend: (Time is in decaauts)
 A = Elapsed time spent in this place.
 B = Non-inter-level travel time spent in this place.
 C = Inter-level travel time spent in this place.
 D = Time resting spent in this place.
 E = Time spent auto-exploring this place.
 F = Levels seen in this place.
 G = Mean time per level.
                   A        B        C        D        E       F      G
               +--------+--------+--------+--------+--------+-----+--------+
         Total |   9958 |   9555 |    403 |    654 |   6879 |  11 |  905.3 |
       Dungeon |   9927 |   9524 |    403 |    654 |   6879 |  10 |  992.7 |
        Temple |     30 |     30 |      0 |      0 |      0 |   1 |   30.0 |
               +--------+--------+--------+--------+--------+-----+--------+

Top non-repeatable levels by time:
     D:9: 1350 daAuts
     D:7: 1264 daAuts
     D:1: 1199 daAuts
     D:4: 1123 daAuts
     D:3: 1092 daAuts
     D:2: 1003 daAuts
     D:5: 988 daAuts
     D:6: 877 daAuts
     D:8: 784 daAuts
    D:10: 242 daAuts
  Temple: 30 daAuts
